 Dungeon Crawl Stone Soup version 0.31-a0-986-g5e6e4ef867 (webtiles) character file.

Game seed: 2070750166048673598

634 ffff the Chopper (level 7, -4/61 HPs)
             Began as a Hill Orc Fighter on Nov 9, 2023.
             Was a Believer of Makhleb.
             Killed by divine providence
             ... invoked by an orc priest
              (12 damage)
             ... on level 6 of the Dungeon.
             The game lasted 00:09:26 (3434 turns).

ffff the Chopper (Hill Orc Fighter)                 Turns: 3434, Time: 00:09:27

Health: -4/61      AC:  8    Str: 21    XL:     7   Next: 49%
Magic:  7/7        EV: 10    Int:  8    God:    Makhleb [**....]
Gold:   97         SH:  4    Dex: 10    Spells: 6/6 levels left

rFire   . . .        a - +0 war axe
rCold   . . .        c - +0 buckler
rNeg    . . .        p - +1 scale mail {rPois}
rPois   +            (no helmet)
rElec   .            (no cloak)
rCorr   .            (no gloves)
SInv    .            (no boots)
Will    .....        r - amulet of the acrobat Stlth
                     (no ring)
HPRegen 0.30/turn    (no ring)
MPRegen 0.10/turn

%: acrobat
@: no status effects
A: no striking features
a: Renounce Religion, Convert to Beogh, Minor Destruction


You were on level 6 of the Dungeon.
You worshipped Makhleb.
Makhleb was pleased with you.
You visited 1 branch of the dungeon, and saw 6 of its levels.

You collected 227 gold pieces.
You spent 130 gold pieces at shops.

Inventory:

Hand Weapons
 a - a +0 war axe (weapon)
Armour
 b - a +0 scale mail
 c - a +0 buckler (worn)
 p - a +1 scale mail of poison resistance (worn)
Jewellery
 q - an amulet of magic regeneration
 r - an amulet of the acrobat (around neck)
Wands
 k - a wand of polymorph (10)
Scrolls
 e - 5 scrolls of identify {unknown}
 f - a scroll of immolation {unknown}
 i - 2 scrolls of summoning {unknown}
 j - 2 scrolls of revelation {unknown}
 s - a scroll of poison {unknown}
Potions
 d - 3 potions of might
 g - 2 potions of degeneration {unknown}
 h - a potion of brilliance {unknown}
 l - a potion of heal wounds {unknown}
 m - a potion of mutation {unknown}
 n - 2 potions of berserk rage {unknown}
 o - a potion of curing {unknown}


   Skills:
 + Level 5.0 Fighting
 + Level 6.5 Axes
 + Level 5.4 Armour
 + Level 1.8 Dodging
 + Level 0.1 Stealth
 + Level 4.6 Shields


You had 6 spell levels left.
You didn't know any spells.
Your spell library contained the following spells:

 Spells                   Type           Power      Damage    Failure   Level
 Summon Guardian Golem    Hex/Summ       0%         N/A       99%         3
 Brom's Barrelling Bould  Conj/Erth      0%         2d3       100%        4
 Fireball                 Conj/Fire      0%         3d3       100%        5
 Iskenderun's Battlesphe  Conj           0%         2d6       100%        5
 Conjure Ball Lightning   Conj/Air       0%         3x3d6     100%        6
 Orb of Destruction       Conj           0%         9d5       100%        7
 Spellforged Servitor     Conj/Summ      0%         N/A       100%        7


Dungeon Overview and Level Annotations

Branches:
Dungeon (7/15)
 Temple: D:4-7

Altars:
Cheibriados
Fedhas
Gozag
Hepliaklqana
Makhleb
Nemelex Xobeh
Qazlal
Uskayaw
Zin

Shops:
D:4 *


Message History

* * * LOW HITPOINT WARNING * * *
The orc priest threatens, "By the altar or by the axe, you will meet Beogh!"
You hit the orc.
The orc is heavily wounded.
The orc barely misses you.
You barely miss the orc.
The orc is heavily wounded.
You hit the orc priest. You block the orc's attack.
The orc priest mumbles some strange prayers to Beogh against you.
You struggle to resist.
You barely miss the orc.
The orc is heavily wounded.
You hit the orc priest. The orc closely misses you.
The orc priest threatens, "By the altar or by the axe, you will meet Beogh!"
The orc priest barely misses you.
Unknown command.
You closely miss the orc.
The orc is heavily wounded.
You hit the orc priest but do no damage.
The orc zaps a wand.
The bolt of dispelling energy hits you.
* * * LOW HITPOINT WARNING * * *
The orc priest hits you with a +0 hand axe.
* * * LOW HITPOINT WARNING * * *
The orc closely misses you.
You slash the orc!
You kill the orc!
Makhleb accepts your kill.
You hit the orc priest but do no damage.
The orc priest closely misses you.
The orc priest hits you with a +0 hand axe.
* * * LOW HITPOINT WARNING * * *
The orc priest barely misses you.
Items here: ) / [ †.
Unknown command.
The orc priest threatens, "By the altar or by the axe, you will meet Beogh!"
You hit the orc priest but do no damage.
The orc priest is heavily wounded.
The orc priest mumbles some strange prayers to Beogh against you.
Beogh smites you!
You die...

######... #
#..........
#######.####...#
........o@....#
#######.#######
#.# #.# #.# #.#
..# #.#


You could see an orc priest.

Vanquished Creatures
  A water moccasin (D:4)
  A black bear (D:7)
  A phantom (D:4)
  A kobold brigand (D:7)
  A jelly (D:7)
  3 orc wizards
  3 gnolls (D:2)
  5 adders
  2 ufetubi (D:3)
  A worm (D:3)
  3 dart slugs
  8 orcs
  9 ball pythons
  6 bats
  3 endoplasms
  5 giant cockroaches
  5 goblins
  3 hobgoblins
  3 jackals (D:1)
  10 kobolds
  7 quokkas
  2 frilled lizards
  11 rats
94 creatures vanquished.

Notes
Turn   | Place    | Note
-------+----------+-------------------------------------------
     0 | D:1      | ffff the Hill Orc Fighter began the quest for the Orb.
     0 | D:1      | Reached XP level 1. HP: 19/19 MP: 1/1
    75 | D:1      | Reached XP level 2. HP: 27/27 MP: 2/2
    77 | D:1      | Reached skill level 3 in Axes
   412 | D:1      | Reached XP level 3. HP: 32/33 MP: 3/3
   929 | D:2      | Reached XP level 4. HP: 39/40 MP: 4/4
  1597 | D:3      | Found a faded altar of an unknown god.
  1611 | D:3      | Prayed at the altar of an unknown god.
  1611 | D:3      | Became a worshipper of Makhleb the Destroyer
  1611 | D:3      | Reached * piety under Makhleb
  1632 | D:3      | Reached XP level 5. HP: 47/47 MP: 5/5
  1747 | D:3      | Reached skill level 4 in Axes
  1980 | D:3      | Found a glowing drain.
  2064 | D:4      | Found a blossoming altar of Fedhas.
  2067 | D:4      | Found a hide-covered altar of Uskayaw.
  2068 | D:4      | Found a hazy altar of Hepliaklqana.
  2082 | D:4      | Reached skill level 1 in Dodging
  2230 | D:4      | Found a stormy altar of Qazlal.
  2241 | D:4      | Found a sparkling altar of Nemelex Xobeh.
  2244 | D:4      | Found an opulent altar of Gozag.
  2247 | D:4      | Found a glowing silver altar of Zin.
  2248 | D:4      | Found a snail-covered altar of Cheibriados.
  2346 | D:4      | Found Dedevesh's Serpentskin Sales.
  2346 | D:4      | Noticed a water moccasin
  2355 | D:4      | Killed a water moccasin
  2356 | D:4      | Reached skill level 5 in Axes
  2356 | D:4      | Reached XP level 6. HP: 12/53 MP: 6/6
  2362 | D:4      | HP: 2/53 [poisoned by a water moccasin]
  2551 | D:4      | Bought a +1 scale mail of poison resistance for 130 gold
                  | pieces
  2770 | D:4      | Reached skill level 5 in Armour
  3023 | D:4      | You fall into a shaft and drop 3 floors!
  3116 | D:7      | Reached XP level 7. HP: 58/60 MP: 7/7
  3356 | D:7      | Reached skill level 5 in Fighting
  3356 | D:7      | Reached skill level 6 in Axes
  3391 | D:7      | Reached ** piety under Makhleb
  3434 | D:6      | Killed from afar by an orc priest

Illustrated notes

Levels and vault maps discovered:
D:1:      dpeg_arrival_fog, layout_basic
D:2:      layout_rooms
D:3:      layout_basic, gup_sewer_entry_bowl, ebering_ecumenical_altar_box,
          moated_statue
D:4:      layout_basic, nicolae_overflow_hallway_of_the_gods,
          guppyfry_shop_venom
D:6:      layout_loops_ring, mainiacjoe_overflow_six_doors_small,
          enter_ossuary_5, minmay_misc_feat_x
D:7:      layout_layer_cave

Skill      XL: |  1  2  3  4  5  6  7 |
---------------+----------------------+-----
Axes           | 3 5 6 |  6.5
Fighting       | 4 5 |  5.0
Armour         | 4 5 |  5.4
Shields        | 4 |  4.6
Dodging        | 1 |  1.8
Stealth        | |  0.1

Action                     |  1- 3 |  4- 6 |  7- 9 || total
---------------------------+-------+-------+-------++-------
  Melee: War axe           |    85 |   157 |    43 ||   285
 Armour: Scale mail        |   104 |   177 |    33 ||   314
  Dodge: Dodged            |    88 |    88 |    31 ||   207
  Block: Buckler           |    40 |    43 |    10 ||    93

Table legend: (Time is in decaauts)
 A = Elapsed time spent in this place.
 B = Non-inter-level travel time spent in this place.
 C = Inter-level travel time spent in this place.
 D = Time resting spent in this place.
 E = Time spent auto-exploring this place.
 F = Levels seen in this place.
 G = Mean time per level.
                   A        B        C        D        E       F      G
               +--------+--------+--------+--------+--------+-----+--------+
         Total |   3532 |   3532 |      0 |    333 |   1511 |   6 |  588.7 |
       Dungeon |   3532 |   3532 |      0 |    333 |   1511 |   6 |  588.7 |
               +--------+--------+--------+--------+--------+-----+--------+

Top non-repeatable levels by time:
     D:4: 1053 daAuts
     D:2: 689 daAuts
     D:1: 686 daAuts
     D:3: 681 daAuts
     D:7: 412 daAuts
     D:6: 9 daAuts
